 Dungeon Crawl Stone Soup version 0.31.0-32-g396128a36d (webtiles) character file.

Game seed: 8479279823038089700

6835 Lungfish the Pacifist (level 11, -2/79 HPs)
             Began as a Djinni Fire Elementalist on Mar 21, 2024.
             Was an Elder of Elyvilon.
             Slain by a catoblepas (10 damage)
             ... while petrified by a catoblepas
             ... on level 9 of the Dungeon.
             The game lasted 00:42:59 (9127 turns).

Lungfish the Pacifist (Djinni Fire Elementalist)    Turns: 9127, Time: 00:43:00

Health: -2/79      AC:  8    Str:  7    XL:     11   Next: 26%
Gold:   394        EV:  2    Int: 20    God:    Elyvilon [****..] SH:  0 Dex: 15

rFire   + + +        O - staff of fire
rCold   . . .        (no shield)
rNeg    + + +        T - +2 robe {rF+}
rPois   ∞            v - +1 helmet
rElec   .            n - +0 cloak
rCorr   .            G - +0 pair of gloves
SInv    +            (boots unavailable)
Will    +....        (no amulet)
Stlth   ++           Q - ring of protection from cold
HPRegen 0.33/turn    F - ring of see invisible
MPRegen 0.00/turn

%: infuse magic (-3 HP)
@: petrified, flying
A: sickness immunity, fire resistance 2, cold vulnerability 1, float, innate
caster, HP casting, extra vitality 1
a: Renounce Religion, Purification, Heal Other, Heal Self


You were on level 9 of the Dungeon.
You worshipped Elyvilon.
Elyvilon was greatly pleased with you.
You visited 3 branches of the dungeon, and saw 12 of its levels.
You also visited: Sewer and Ossuary.

You collected 444 gold pieces.
You spent 50 gold pieces at shops.

Inventory:

Hand Weapons
 w - a +0 rapier
 K - a +1 scimitar
 N - a +5 spear of freezing
 S - a +4 dagger
Missiles
 t - 3 curare-tipped darts
Armour
 n - a +0 cloak (worn)
 v - a +1 helmet (worn)
 G - a +0 pair of gloves (worn)
 T - a +2 robe of fire resistance (worn)
Magical Staves
 O - a staff of fire (weapon)
Jewellery
 F - a ring of see invisible (right hand)
 J - a ring of positive energy
 P - the ring "Dyarah" {Fire Str+3}
   (You found it on level 9 of the Dungeon)

   [ring of fire]

   Fire:      It enhances your fire magic.
   Str+3:     It affects your strength (+3).
   rF+:       It protects you from fire.
   rC-:       It makes you vulnerable to cold.
 Q - a ring of protection from cold (left hand)
Wands
 y - a wand of paralysis (9)
 H - a wand of roots (13)
 L - a wand of acid (7)
 M - a wand of mindburst (19)
Scrolls
 c - a scroll of immolation
 d - 2 scrolls of poison {unknown}
 e - a scroll of summoning
 f - a scroll of blinking
 j - a scroll of fog
 k - 5 scrolls of revelation
 l - a scroll of identify
 m - 3 scrolls of enchant armour
 o - 2 scrolls of noise
 p - a scroll of fear {unknown}
 A - a scroll of enchant weapon {unknown}
 C - a scroll of vulnerability
 D - a scroll of silence {unknown}
 I - 3 scrolls of teleportation
Potions
 a - a potion of enlightenment
 b - 5 potions of attraction
 g - 4 potions of lignification
 h - 2 potions of brilliance
 i - 3 potions of might {unknown}
 q - a potion of ambrosia {unknown}
 r - 2 potions of curing
 s - a potion of resistance {unknown}
 u - 2 potions of mutation {unknown}
 x - a potion of invisibility {unknown}
 z - 3 potions of heal wounds
 B - a potion of degeneration {unknown}
 E - a potion of magic {unknown}
 R - a potion of experience {unknown}


   Skills:
 - Level 7.0 Fighting
 + Level 5.2 Staves
 - Level 2.1 Dodging
 - Level 1.5 Stealth
 - Level 8.8 Spellcasting
 - Level 8.8 Conjurations
 - Level 8.8 Hexes
 - Level 8.8 Summonings
 - Level 8.8 Necromancy
 - Level 8.8 Translocations
 - Level 8.8 Fire Magic
 - Level 8.8 Ice Magic
 - Level 8.8 Air Magic
 - Level 8.8 Earth Magic
 - Level 8.8 Alchemy
 - Level 9.0 Invocations


You knew the following spells:

 Your Spells              Type           Power      Damage    Failure   Level
a - Foxfire               Conj/Fire      100%       2x1d9     1%          1
b - Scorch                Fire           100%       2d9       1%          2
c - Volatile Blastmotes   Fire/Tloc      100%       2d18      1%          3
d - Inner Flame           Hex/Fire       61%        N/A       1%          3
e - Flame Wave            Conj/Fire      61%        2d14      1%          4
f - Summon Small Mammal   Summ           100%       N/A       1%          1
g - Lesser Beckoning      Tloc           88%        N/A       1%          2
h - Sigil of Binding      Hex            44%        N/A       1%          3
i - Petrify               Alch/Erth      44%        N/A       1%          4
j - Iskenderun's Battles  Conj           44%        2d10      6%          5
Your spell library was empty.

Dungeon Overview and Level Annotations

Branches:
Dungeon (10/15)            Temple (1/1) D:4            Lair (1/5) D:9
  Sewer (visited)         Ossuary (visited)
    Orc: D:9-12

Altars:
Ashenzari
Cheibriados
Dithmenos
Elyvilon
Fedhas
Gozag
Hepliaklqana
Makhleb
Nemelex Xobeh
Okawaru
Qazlal
Ru
Trog
Uskayaw
Wu Jian
Xom
Yredelemnul
Zin
The Shining One

Shops:
D:1 :   D:9 !

Annotations:
D:10 Joseph, Maurice


Innate Abilities, Weirdness & Mutations

You are immune to sickness and miasma.
You are immune to poison.
Your flesh is very heat resistant. (rF++)
You are vulnerable to cold. (rC-)
You float through the air rather than walking.
You learn spells naturally, not from books.
Your magical power is your life essence.
You have superior vitality. (+4 MHP)


Message History

The yak closely misses you. The yak gores you!
The catoblepas breathes a plume of calcifying dust at you.
The blast of calcifying dust hits you.
A wave of flame ripples out!
The flame wave engulfs the yak!
The yak is almost dead.
The flame wave engulfs the yak!!
You kill the yak!
The flame wave engulfs the catoblepas!
The catoblepas is heavily wounded.
You finish channelling waves of flame.
You are engulfed in calcifying dust.
The yak closely misses you. The catoblepas gores you!!
Elyvilon protects you from harm!
Training target 9.0 for Invocations reached!
Your Invocations skill increases to level 9!
Casting: Flame Wave (dangerous; 1% risk of failure)
Confirm with . or Enter, or press ? or * to list all spells.
Casting: Flame Wave (dangerous; 1% risk of failure)
Press: ? - help, Dir - look around, f - activate You feel a surge of power!
A wave of flame ripples out!
The flame wave engulfs the yak!
You kill the yak!
The flame wave engulfs the catoblepas!
The catoblepas is severely wounded. (Press . to intensify the flame waves.)
You are engulfed in calcifying dust.
You are slowing down.
The catoblepas gores you!
* * * LOW HITPOINT WARNING * * *
Your Staves skill increases to level 5!
A wave of flame ripples out!
The flame wave engulfs the catoblepas.
The catoblepas is severely wounded.
* * * LOW HITPOINT WARNING * * *
You are engulfed in calcifying dust.
Your limbs have turned to stone.
The catoblepas gores you!!
* * * LOW HITPOINT WARNING * * *
You have turned to stone.
You are engulfed in calcifying dust.
The catoblepas gores you!! Elyvilon protects you from harm!
You are engulfed in calcifying dust.
The catoblepas gores you!!
You die...

#################........##......
...>.......[.............##......
###..####................##......
#..####................####....
#..÷÷..........................
#.#####................#####+#.
###.).)...)..............####....
..'.....[......†Y##.........#....
###............†@#####......#....
# #.......######## #......#....
###.......# #......#....
..#.......# #......#....
#.#.####### #......#.... #.#.#
#......##### #.#.# #####.###...
#.#.# #.....## #.#.# ####..##


You could see a catoblepas.

Vanquished Creatures
  2 two-headed ogres
  A hornet (D:8)
  Sigmund (D:3)
  A spriggan (D:7)
  2 yaks (D:9)
  Grum (D:8)
  Menkaure (D:4)
  A steam dragon (D:10)
  2 vampire mosquitoes (D:10)
  A water moccasin (D:3)
  Pargi (Sewer)
  2 ice beasts
  A hornet zombie (D:5)
  A sky beast (D:6)
  2 orc warriors
  A black bear (D:6)
  2 ogres (D:6)
  4 wolves (D:8)
  A centaur (D:5)
  A phantom (D:5)
  A kobold brigand (D:6)
  A brain worm (Sewer)
  2 scorpions (D:5)
  2 water moccasin zombies (D:5)
  7 wights
  A water moccasin skeleton (D:5)
  2 burial acolytes (Ossuary)
  11 killer bees
  4 howler monkeys
  4 electric eels (D:6)
  2 centaur zombies (D:5)
  2 bullfrog zombies (D:5)
  2 orc priests
  2 jellies
  3 bombardier beetles
  2 hounds
  3 gnoll boudas
  A centaur skeleton (Ossuary)
  2 iguanas
  5 orc wizards
  A hound zombie (D:5)
  A hound skeleton (D:5)
  A mummy (D:7)
  15 gnolls
  9 adders
  A shadow imp (D:8)
  2 dart slugs
  A ribbon worm (D:3)
  24 orcs
  9 endoplasms
  3 giant cockroaches
  12 hobgoblins
  6 jackals
  10 kobolds
  8 quokkas
  14 ball pythons
  5 ball python skeletons (Ossuary)
  4 bats
  5 frilled lizards
  4 goblins
  A goblin zombie (D:7)
  A hobgoblin skeleton (Ossuary)
  A hobgoblin zombie (D:7)
  An orc skeleton (Ossuary)
  5 rats
232 creatures vanquished.

Vanquished Creatures (collateral kills)
  2 bats (D:3)
  A ball python (D:3)
  2 foxfires (D:6)
5 creatures vanquished.

Vanquished Creatures (others)
  660 foxfires
660 creatures vanquished.

Grand Total: 897 creatures vanquished

Notes
Turn   | Place    | Note
-------+----------+-------------------------------------------
     0 | D:1      | Lungfish the Djinni Fire Elementalist began the quest for
                  | the Orb.
     0 | D:1      | Lungfish set off with the following spells memorised:
                  | Foxfire, Scorch, Volatile Blastmotes, Inner Flame, Flame
                  | Wave.
     0 | D:1      | Reached XP level 1. HP: 15/15 MP: 0/0
    91 | D:1      | Reached XP level 2. HP: 21/21 MP: 0/0
   115 | D:1      | Found Dokuinuc's Book Shoppe.
   221 | D:1      | You are sucked into a shaft and drop 1 floor!
   364 | D:1      | Reached XP level 3. HP: 14/25 MP: 0/0
   364 | D:1      | Learned a level 1 spell: Summon Small Mammal
  1304 | D:2      | Reached XP level 4. HP: 30/31 MP: 0/0
  1648 | D:3      | Found a basalt altar of Yredelemnul.
  1648 | D:3      | Noticed Sigmund
  1772 | D:3      | Noticed a water moccasin
  1783 | D:3      | Killed a water moccasin
  1784 | D:3      | Reached skill level 5 in Spellcasting
  1784 | D:3      | Reached skill level 5 in Conjurations
  1784 | D:3      | Reached skill level 5 in Hexes
  1784 | D:3      | Reached skill level 5 in Summonings
  1784 | D:3      | Reached skill level 5 in Necromancy
  1784 | D:3      | Reached skill level 5 in Translocations
  1784 | D:3      | Reached skill level 5 in Fire Magic
  1784 | D:3      | Reached skill level 5 in Ice Magic
  1784 | D:3      | Reached skill level 5 in Air Magic
  1784 | D:3      | Reached skill level 5 in Earth Magic
  1784 | D:3      | Reached skill level 5 in Alchemy
  1784 | D:3      | Reached XP level 5. HP: 27/35 MP: 0/0
  1784 | D:3      | Learned a level 2 spell: Lesser Beckoning
  1844 | D:3      | Reached XP level 6. HP: 39/40 MP: 0/0
  1855 | D:3      | Killed Sigmund
  2145 | D:3      | Reached XP level 7. HP: 44/45 MP: 0/0
  2145 | D:3      | Learned a level 3 spell: Sigil of Binding
  2201 | D:4      | Found a staircase to the Ecumenical Temple.
  2219 | Temple   | Entered the Ecumenical Temple
  2252 | Temple   | Became a worshipper of Elyvilon the Healer
  2599 | D:4      | Noticed Menkaure
  2607 | D:4      | Killed Menkaure
  2851 | D:4      | Reached * piety under Elyvilon
  3052 | D:5      | Entered Level 5 of the Dungeon
  3060 | D:5      | Reached XP level 8. HP: 44/50 MP: 0/0
  3419 | D:5      | Reached ** piety under Elyvilon
  3433 | D:5      | HP: 1/50 [hornet zombie (5)]
  3466 | D:5      | HP: 2/50 [centaur zombie (3)]
  3545 | D:5      | Found a glowing drain.
  3585 | Sewer    | Entered a sewer
  3824 | Sewer    | Noticed Pargi
  3845 | Sewer    | Killed Pargi
  3846 | Sewer    | Reached XP level 9. HP: 52/55 MP: 0/0
  3846 | Sewer    | Learned a level 4 spell: Petrify
  4022 | D:5      | Reached skill level 1 in Fighting
  4022 | D:5      | Reached skill level 1 in Invocations
  4093 | D:5      | Reached skill level 2 in Invocations
  4375 | D:6      | Reached skill level 3 in Invocations
  4619 | D:6      | Found a hide-covered altar of Uskayaw.
  4718 | D:6      | Reached skill level 4 in Invocations
  5145 | D:7      | Reached skill level 5 in Fighting
  5145 | D:7      | Reached skill level 5 in Invocations
  5232 | D:7      | Reached *** piety under Elyvilon
  5282 | D:7      | Reached XP level 10. HP: 62/70 MP: 0/0
  5382 | D:7      | Found a sand-covered staircase.
  5407 | Ossuary  | Entered an ossuary
  6066 | D:7      | Reached skill level 6 in Invocations
  6589 | D:8      | Noticed Grum
  6593 | D:8      | Killed Grum
  6594 | D:8      | Reached skill level 7 in Invocations
  6884 | D:8      | Reached skill level 1 in Staves
  7080 | D:8      | Reached **** piety under Elyvilon
  7165 | D:8      | Noticed a two-headed ogre
  7186 | D:8      | Killed a two-headed ogre
  7563 | D:9      | Identified the ring "Dyarah" {Fire Str+3}
  7574 | D:9      | Noticed a two-headed ogre
  7727 | D:9      | Reached skill level 8 in Invocations
  8024 | D:9      | Found a staircase to the Lair.
  8047 | D:9      | Reached XP level 11. HP: 72/79 MP: 0/0
  8047 | D:9      | Learned a level 5 spell: Iskenderun's Battlesphere
  8168 | D:9      | Killed a two-headed ogre
  8315 | D:9      | Found Kufra's Distillery.
  8325 | D:9      | Bought a potion of heal wounds for 50 gold pieces
  8554 | D:10     | Entered Level 10 of the Dungeon
  8859 | D:10     | Noticed Joseph
  8862 | D:10     | Noticed Maurice
  9118 | Lair:1   | Entered Level 1 of the Lair of Beasts
  9118 | Lair:1   | Noticed a catoblepas
  9123 | D:9      | Elyvilon protects you from harm!
  9124 | D:9      | Reached skill level 9 in Invocations
  9125 | D:9      | Reached skill level 5 in Staves
  9126 | D:9      | Elyvilon protects you from harm!
  9127 | D:9      | Slain by a catoblepas

Illustrated notes

Levels and vault maps discovered:
D:1:      minmay_arrival_up_and_down, layout_loops_ring, serial_shops, shop
D:2:      layout_loops_ring, kennysheep_cross_bottleneck
D:3:      layout_rooms, amcnicky_altar_gilded, uniq_sigmund
D:4:      layout_basic, minmay_temple_entry_sparse_star,
          minmay_misc_feat_columns, uniq_menkaure
D:5:      layout_cave_pools, gup_sewer_entry_pipe, serial_undead,
          serial_undead_b, serial_undead_b, serial_undead_a, serial_undead_b,
          serial_undead_d, serial_undead_d, minmay_misc_feat_enclosed,
          minmay_misc_feat_alley
D:6:      layout_rooms, nicolae_uskayaw_dance_hall, serial_bayou,
          serial_bayou_shore_a, serial_bayou_pond_a, serial_bayou_pond_a,
          serial_bayou_ford_a, serial_bayou_pond_d
D:7:      layout_basic, nicolae_ossuary_entry_giza, the_hattery
D:8:      layout_rooms, hex_medium, uniq_grum
D:9:      layout_basic, lair_entry_dummy, serial_shops, nicolae_shop_statue_plus
D:10:     layout_rooms, uniq_joseph, uniq_maurice
Temple:   mainiacjoe_temple_big_plus
Lair:1:   layout_roguey, ebering_ghost_disaster_area, nicolae_lair_lindhole

Skill      XL: |  1  2  3  4  5  6  7  8  9 10 11 |
---------------+----------------------------------+-----
Spellcasting   | 4 5 6 7 8 |  8.8
Conjurations   | 4 5 6 7 8 |  8.8
Hexes          | 4 5 6 7 8 |  8.8
Summonings     | 4 5 6 7 8 |  8.8
Necromancy     | 4 5 6 7 8 |  8.8
Translocations | 4 5 6 7 8 |  8.8
Fire Magic     | 4 5 6 7 8 |  8.8
Ice Magic      | 4 5 6 7 8 |  8.8
Air Magic      | 4 5 6 7 8 |  8.8
Earth Magic    | 4 5 6 7 8 |  8.8
Alchemy        | 4 5 6 7 8 |  8.8
Fighting       | 5 7 |  7.0
Invocations    | 5 8 9 |  9.0
Staves         | 3 5 |  5.2
Dodging        | |  2.1
Stealth        | |  1.5

Action                     |  1- 3 |  4- 6 |  7- 9 | 10-12 || total
---------------------------+-------+-------+-------+-------++-------
  Melee: Unarmed           |     2 |     2 |       |       ||     4
         Staff             |       |     1 |    26 |     7 ||    34
         Punch             |       |       |     1 |       ||     1
   Cast: Foxfire           |    63 |    27 |   205 |   111 ||   406
         Scorch            |     2 |     8 |    24 |    50 ||    84
         Sigil of Binding  |       |       |     3 |     8 ||    11
         Flame Wave        |       |       |     3 |     7 ||    10
         Volatile Blastmot |       |       |     1 |     2 ||     3
         Petrify           |       |       |       |     4 ||     4
         Iskenderun's Batt |       |       |       |     1 ||     1
    Use: Scroll            |       |     3 |     7 |     7 ||    17
         Potion            |       |       |     3 |       ||     3
 Armour: Robe              |     4 |       |       |    31 ||    35
         Leather armour    |     4 |     6 |    77 |    55 ||   142
  Dodge: Dodged            |     7 |     7 |    64 |    50 ||   128
